 Dungeon Crawl Stone Soup version 0.20-a0-16-g0876c8e (webtiles) character file.

156153 graymark the Tortoise (level 17, 0/101 HPs)
             Began as a Gargoyle Gladiator on Nov 3, 2016.
             Was the Champion of Qazlal.
             Slain by an alligator (23 damage)
             ... on level 3 of the Swamp on Nov 4, 2016.
             The game lasted 02:58:03 (34888 turns).

graymark the Tortoise (Gargoyle Gladiator)         Turns: 34888, Time: 02:58:04

Health: 0/101      AC: 38    Str: 24    XL:     17   Next: 66%
Magic:  20/26      EV: 20    Int: 18    God:    Qazlal [******]
Gold:   2323       SH: 20    Dex: 21    Spells: 0 memorised, 16 levels left

rFire  + . .     SeeInvis .     x - +2 morningstar (flame)
rCold  + + .     Gourm    .     V - +1 ring mail of Gosobiq {rPois rC+ Dex+2}
rNeg   + + +     Faith    .     A - +0 buckler
rPois  ∞         Spirit   .     W - +2 helmet
rElec  +         Reflect  +     d - +2 cloak {MR+}
rCorr  .         Harm     .     Z - +2 pair of gloves {Dex+3}
MR     ++...     Clarity  +     a - +3 pair of boots of the Bard {+Fly rN++ Int+4 Stlth-}
Stlth  ..........               F - +5 amulet of reflection
                                e - ring "Irghogat" {rF+ EV+1 Int+4}
                                Q - ring of the Last Blessings {rC+ Dex+3}

@: about to teleport, flying, constricted, repel missiles
A: big wings, hooves 1, agile 1, clarity, negative energy resistance 1,
electricity resistance, unbreathing, petrification resistance, rot immunity, AC
+12
a: Stop Flying, Upheaval, Elemental Force, Disaster Area, Renounce Religion


You were on level 3 of the Swamp.
You worshipped Qazlal.
Qazlal was exalted by your worship.
You were not hungry.

You visited 5 branches of the dungeon, and saw 27 of its levels.
You also visited: Labyrinth.

You collected 3876 gold pieces.
You spent 1553 gold pieces at shops.

Inventory:

Hand Weapons
 c - a +4 morningstar of holy wrath
 x - a +2 morningstar of flaming (weapon)
Armour
 a - the +3 pair of boots of the Bard (worn) {+Fly rN++ Int+4 Stlth-}
   (You acquired it on level 1 of the Swamp)

   It affects your intelligence (+4).
   It greatly protects you from negative energy.
   It lets you fly.
   It makes you less stealthy.
 d - a +2 cloak of magic resistance (worn)
 A - a +0 buckler (worn)
 V - the +1 ring mail of Gosobiq (worn) {rPois rC+ Dex+2}
   (You found it on level 1 of the Lair of Beasts)

   It affects your dexterity (+2).
   It protects you from cold.
   It protects you from poison.
 W - a +2 helmet (worn)
 Z - a +2 pair of gloves of dexterity (worn)
Jewellery
 e - the ring "Irghogat" (right hand) {rF+ EV+1 Int+4}
   (You bought it in a shop on level 2 of the Orcish Mines)

   [ring of evasion]

   It affects your evasion (+1).
   It affects your intelligence (+4).
   It protects you from fire.
 n - an uncursed ring of see invisible
 y - an uncursed ring of ice
 C - an uncursed ring of resist corrosion
 F - a +5 amulet of reflection (around neck)
 H - the amulet of Curiosity {+Rage rPois Dex+6}
   (You found it on level 13 of the Dungeon)

   [amulet of rage]

   It affects your dexterity (+6).
   It protects you from poison.
   It lets you go berserk.
 Q - the ring of the Last Blessings (left hand) {rC+ Dex+3}
   (You found it on level 12 of the Dungeon)

   [ring of protection from cold]

   It affects your dexterity (+3).
   It protects you from cold.
Wands
 w - a wand of digging (8/24)
 z - a wand of iceblast (4/15)
 L - a wand of teleportation (7/9)
 Y - a wand of polymorph (2/24)
Scrolls
 g - 3 scrolls of teleportation
 i - 7 scrolls of amnesia
 o - 11 scrolls of remove curse
 p - 2 scrolls of fog
 s - a scroll of magic mapping
 t - 3 scrolls of enchant armour
 v - a scroll of fear {unknown}
 D - a scroll of torment
 E - a scroll of immolation {unknown}
 I - a scroll of recharging
 J - 2 scrolls of silence
 P - a scroll of random uselessness {unknown}
Potions
 h - 3 potions of magic
 j - 3 potions of haste
 k - 8 potions of curing
 m - 2 potions of resistance
 q - 4 potions of cancellation
 r - 3 potions of flight
 u - 3 potions of heal wounds
 B - a potion of berserk rage
 N - a potion of agility
 O - 3 potions of ambrosia
 R - 5 potions of brilliance
 T - 2 potions of lignification
Miscellaneous
 G - a phantom mirror
 K - a lamp of fire (inert)
 M - a sack of spiders
Comestibles
 b - 3 beef jerkies
 f - 20 bread rations
 l - 20 meat rations
 S - 19 fruits
 U - 3 chunks of flesh
 X - 2 royal jellies


   Skills:
 - Level 9.7 Fighting
 + Level 14.6 Maces & Flails
 - Level 1.7 Throwing
 + Level 15.8 Armour
 + Level 12.7 Dodging
 - Level 8.3 Shields
 + Level 12.4 Invocations


You had 16 spell levels left.
You didn't know any spells.

Dungeon Overview and Level Annotations

Branches:
Dungeon (15/15)            Temple (1/1) D:4            Lair (6/6) D:10
  Swamp (3/4) Lair:2       Spider (0/4) Lair:3          Orc (2/2) D:11
    Elf (0/3) Orc:2        Vaults (0/5) D:14         Depths (0/5) D:15
  Slime: Lair:5-6

Altars:
Ashenzari
Cheibriados
Dithmenos
Elyvilon
Fedhas
Gozag
Hepliaklqana
Kikubaaqudgha
Makhleb
Nemelex Xobeh
Okawaru
Qazlal
Ru
Sif Muna
Trog
Uskayaw
Vehumet
Xom
Yredelemnul
Zin
The Shining One
Beogh

Shops:
D:8 ?   D:9 :   D:11 (   Orc:1 !   Orc:2 =*([

Portals:
Trove: D:15 (give +5 fire dragon scales)

Annotations:
D:3 1 runed door
Lair:5 exclusion: 2 oklob plants
Lair:6 exclusion: oklob plant


Innate Abilities, Weirdness & Mutations

You are resistant to torment.
Your stone body is resilient. (AC +12)
You are immune to poison.
Your large and strong wings let you fly indefinitely.
You resist negative energy. (rN+)
You are resistant to electric shocks. (rElec)
You can survive without breathing.
You are immune to petrification.
You are immune to rotting.
You have large cloven feet.
You are agile. (Dex +2)
You possess an exceptional clarity of mind.


Message History

The five-headed hydra completely misses you.
You block the five-headed hydra's attack.
The swamp worm is engulfed in a cloud of scalding steam.
You block the tentacled monstrosity's attack. x2
The tentacled monstrosity barely misses you.
The tentacled monstrosity constricts you.
The spriggan rider is engulfed in a cloud of scalding steam.
The six-headed hydra bites you but does no damage.
You block the six-headed hydra's attack.
The six-headed hydra bites you.
* * * LOW HITPOINT WARNING * * *
The six-headed hydra barely misses you.
The six-headed hydra closely misses you.
The six-headed hydra completely misses you.
A swamp dragon comes into view.
Unknown command.
You sock the tentacled monstrosity! You burn the tentacled monstrosity.
The tentacled monstrosity is heavily wounded.
You block the spiny frog's attack. The alligator bites you!!
You die...

D≈.≈♣ .≈≈≈ ≈♣≈.≈.♣
♣.≈≈≈≈
≈≈≈≈≈♣≈♣♣♣.≈≈≈≈≈♣
≈≈§≈≈≈≈♣≈.≈≈≈≈.♣
.≈♣≈.≈≈≈≈.≈.≈≈..♣♣
...♣.D≈≈≈§≈≈≈..♣.♣
♣.>..D♣t≈§≈≈.♣.♣
♣.♣.§F@i§≈≈≈...♣
♣..§§§XD♣≈..≈≈.♣♣
..≈≈≈wi.§†.)≈.≈≈.♣
≈≈≈§§≈.≈$..♣≈!..♣♣
..≈≈≈§≈≈≈≈≈≈≈≈♣.♣
.≈≈≈≈♣.>≈≈≈≈≈...
.≈≈≈≈≈≈.≈≈≈♣≈≈≈≈♣
.....≈≈≈≈≈≈≈....≈♣
≈≈≈.≈≈≈.≈≈≈....≈♣


You could see a tentacled monstrosity, an alligator, a six-headed hydra, a
five-headed hydra, 2 swamp dragons, 2 spriggan riders, a spiny frog and a swamp
worm.

Vanquished Creatures
  A thorn hunter (Swamp:2)
  Kirke (Lair:5)
  A fire giant (D:15)
  An orc warlord (Orc:1)
  The ghost of Khazard the Slicer, a journeyman DsSk of Okawaru (Swamp:1)
  The ghost of Slowdrip the Grappler, a journeyman TrHu of Okawaru (Orc:2)
  Louise (Swamp:3)
  Snorg (Orc:1)
  A minotaur (Lab)
  An ice dragon (Lair:4)
  3 ghost crabs
  5 hydras
  4 vault guards (D:14)
  A catoblepas (Lair:4)
  3 death knights
  2 centaur warriors
  Urug (Orc:2)
  An alligator (Swamp:2)
  3 orc high priests (Orc:1)
  5 death yaks
  Nergalle (Orc:2)
  The ghost of rlgrobin the Spear-Bearer, a novice MfGl of Uskayaw (D:8)
  3 unseen horrors
  2 skeletal warriors
  A spriggan druid (Swamp:3)
  2 swamp dragons
  A lindwurm (Lair:6)
  4 shambling mangroves
  An orb spider (Lair:3)
  7 orc knights
  9 hill giants
  3 deep elf magi
  A phantasmal warrior (D:13)
  5 orc sorcerers
  3 cyclopes
  8 ugly things
  A manticore (D:15)
  Maurice (Orc:2)
  A guardian serpent (D:13)
  3 black mambas
  2 torpor snails
  24 spiny frogs
  2 rime drakes
  8 centaur skeletons
  A redback zombie (D:13)
  2 ice devils (Lair:1)
  3 freezing wraiths
  8 komodo dragons
  2 hellwings (D:7)
  2 tengu conjurers (D:14)
  A merfolk (D:9)
  11 trolls
  The ghost of Soeti the Sneak, a novice OpFE of Hepliaklqana (D:5)
  9 hornets
  2 bog bodies
  3 polar bears
  8 slime creatures
  6 tyrant leeches
  7 hippogriffs
  42 blink frogs
  2 shadows (Swamp:2)
  8 wraiths
  2 spriggans
  A water elemental (D:14)
  Eustachio (D:5)
  4 basilisks
  2 wyverns
  2 steam dragons
  5 hungry ghosts
  39 yaks
  2 hogs (Lair:5)
  9 vampire mosquitoes
  12 swamp worms
  4 wargs
  17 water moccasins
  Purgy (D:3)
  5 swamp drakes
  7 ice beasts
  48 orc warriors
  6 porcupines
  2 eyes of draining
  2 sky beasts
  A black bear (D:13)
  2 necrophages (D:10)
  3 phantoms
  16 ogres
  21 wolves
  10 centaurs
  20 crocodiles
  A big kobold (D:12)
  4 wyvern zombies
  17 bullfrogs
  2 wyvern skeletons
  10 killer bees
  3 scorpions
  9 electric eels
  4 howler monkeys
  5 crimson imps
  5 centaur zombies
  4 bullfrog zombies
  9 hounds
  7 jellies
  36 orc wizards
  4 bullfrog skeletons
  A gnoll shaman (D:4)
  29 orc priests
  Ijyb (D:2)
  Terence (D:3)
  7 iguanas
  11 worker ants
  A killer bee zombie (D:7)
  2 hound zombies
  2 hound skeletons
  2 worker ant zombies
  A howler monkey zombie (D:6)
  11 gnolls
  8 adders
  11 shadow imps
  An ooze (D:1)
  2 adder zombies
  A worm (D:2)
  2 dart slugs (D:1)
  4 leopard geckos
  91 orcs
  A giant cockroach (D:5)
  9 goblins
  8 hobgoblins
  11 jackals
  4 quokkas
  2 ball pythons
  8 bats
  5 frilled lizards
  A jackal skeleton (D:5)
  8 kobolds
  20 rats
  4 briar patches (Swamp:2)
  A butterfly (Lair:1)
  25 fungi
  30 plants
940 creatures vanquished.

Vanquished Creatures (collateral kills)
  An orc warlord (D:11)
  A slime creature (D:15)
2 creatures vanquished.

Vanquished Creatures (others)
  An orc knight (Orc:1)
  A spiny frog (Swamp:1)
  A yaktaur (D:14)
  2 hornets
  A spriggan (Swamp:1)
  A human (D:14)
  A centaur (D:15)
  An orc priest (D:12)
  2 orcs (D:12)
  A kobold (D:12)
  14 fungi
  42 plants
68 creatures vanquished.

Grand Total: 1010 creatures vanquished

Notes
Turn   | Place    | Note
-------+----------+-------------------------------------------
     0 | D:1      | graymark the Gargoyle Gladiator began the quest for the Orb.
     0 | D:1      | Reached XP level 1. HP: 12/12 MP: 1/1
    70 | D:1      | Reached XP level 2. HP: 15/17 MP: 2/2
   116 | D:1      | Reached skill level 1 in Armour
   493 | D:1      | Reached XP level 3. HP: 17/21 MP: 3/3
  1167 | D:2      | Noticed Ijyb
  1181 | D:2      | Killed Ijyb
  1181 | D:2      | Reached skill level 2 in Armour
  1181 | D:2      | Reached XP level 4. HP: 26/26 MP: 4/4
  1798 | D:2      | Found a sparkling altar of Nemelex Xobeh.
  1905 | D:2      | Found a white marble altar of Elyvilon.
  1935 | D:2      | Reached XP level 5. HP: 18/30 MP: 5/5
  2176 | D:3      | Noticed Terence
  2184 | D:3      | Killed Terence
  2317 | D:3      | Reached skill level 3 in Armour
  2662 | D:3      | Found a burning altar of Makhleb.
  2895 | D:3      | Found a snail-covered altar of Cheibriados.
  2896 | D:3      | Noticed Purgy
  2908 | D:3      | Killed Purgy
  2908 | D:3      | Reached XP level 6. HP: 33/35 MP: 6/6
  2973 | D:3      | Found a runed door.
  3212 | D:4      | Found a hide-covered altar of Uskayaw.
  3281 | D:4      | Reached skill level 4 in Armour
  3313 | D:4      | Reached XP level 7. HP: 33/40 MP: 7/7
  3423 | D:4      | Reached skill level 5 in Maces & Flails
  3536 | D:4      | Found a staircase to the Ecumenical Temple.
  3540 | Temple   | Entered the Ecumenical Temple
  3767 | D:4      | You fall through a shaft!
  3767 | D:5      | Entered Level 5 of the Dungeon
  3768 | D:5      | Noticed Eustachio
  3791 | D:5      | Killed Eustachio
  3791 | D:5      | Reached skill level 5 in Armour
  3791 | D:5      | Reached skill level 5 in Dodging
  4132 | D:5      | Noticed Soeti's ghost (novice OpFE)
  4154 | D:5      | Killed Soeti's ghost
  4154 | D:5      | Reached XP level 8. HP: 43/44 MP: 8/8
  4286 | D:5      | Reached skill level 6 in Armour
  5241 | D:6      | Found a hazy altar of Hepliaklqana.
  5746 | D:6      | Reached skill level 7 in Armour
  5749 | D:6      | Reached XP level 9. HP: 48/48 MP: 9/9
  6352 | D:7      | Noticed a hellwing
  6353 | D:7      | Noticed a hellwing
  6551 | D:7      | Killed a hellwing
  6807 | D:7      | Reached skill level 8 in Armour
  7019 | D:7      | Killed a hellwing
  7080 | D:7      | Reached XP level 10. HP: 37/53 MP: 10/10
  7358 | D:7      | Reached skill level 9 in Armour
  7745 | D:8      | Noticed rlgrobin's ghost (novice MfGl)
  9261 | D:8      | Found Dafizxez's Magic Scroll Shop.
  9268 | D:8      | Bought a scroll of identify for 24 gold pieces
  9268 | D:8      | Bought a scroll of identify for 24 gold pieces
  9268 | D:8      | Bought a scroll of identify for 24 gold pieces
  9268 | D:8      | Bought a scroll of identify for 24 gold pieces
  9268 | D:8      | Bought a scroll of identify for 24 gold pieces
  9630 | D:8      | Killed rlgrobin's ghost
  9630 | D:8      | Reached skill level 1 in Shields
  9961 | D:9      | Gained mutation: You have large cloven feet. [mutagenic meat]
  9962 | D:9      | Gained mutation: You are agile. (Dex +2) [mutagenic meat]
 10025 | D:9      | Found Kex Kog's Book Shop.
 10791 | D:9      | Found a stormy altar of Qazlal.
 10799 | D:9      | Became a worshipper of Qazlal Stormbringer
 10828 | D:10     | Entered Level 10 of the Dungeon
 11134 | D:10     | Found a staircase to the Lair.
 11297 | D:10     | Reached skill level 10 in Armour
 11297 | D:10     | Reached XP level 11. HP: 55/57 MP: 11/11
 11440 | D:10     | Reached * piety under Qazlal
 11811 | D:10     | Reached skill level 5 in Shields
 11928 | D:10     | Noticed a hill giant
 11946 | D:10     | Killed a hill giant
 12662 | D:10     | Reached skill level 10 in Maces & Flails
 12672 | Lair:1   | Entered Level 1 of the Lair of Beasts
 12723 | Lair:1   | Got a jewelled ring mail
 12772 | Lair:1   | Found a frozen archway.
 12838 | Lair:1   | Noticed an eight-headed hydra
 12871 | D:10     | Identified the +1 ring mail of Gosobiq {rPois rC+ Dex+2} (You found it on level 1 of the Lair of Beasts)
 12921 | D:11     | Found Ixonani's Antique Weapon Emporium.
 13046 | D:11     | Noticed a green ugly thing
 13048 | D:11     | Found a labyrinth entrance.
 13057 | Lab      | Entered a labyrinth
 14560 | Lab      | Noticed a minotaur
 14572 | Lab      | Killed a minotaur
 14572 | Lab      | Reached skill level 1 in Invocations
 14648 | D:11     | Noticed a centaur warrior
 14667 | D:11     | Killed a centaur warrior
 14688 | D:11     | Reached ** piety under Qazlal
 14895 | D:11     | Reached skill level 11 in Armour
 15012 | D:11     | Killed a green ugly thing
 15114 | D:11     | Found a staircase to the Orcish Mines.
 15148 | D:11     | Reached XP level 12. HP: 18/62 MP: 14/14
 15325 | D:11     | Reached *** piety under Qazlal
 15927 | D:11     | Reached skill level 5 in Invocations
 16079 | Orc:1    | Entered Level 1 of the Orcish Mines
 16081 | Orc:1    | Found Adghejom's Distillery.
 16107 | Orc:1    | Bought a potion of haste for 120 gold pieces
 16107 | Orc:1    | Bought a potion of might for 48 gold pieces
 16359 | Orc:1    | Reached **** piety under Qazlal
 16362 | Orc:1    | Noticed an orc high priest
 16368 | Orc:1    | Noticed an orc warlord
 16461 | Lair:1   | Killed an eight-headed hydra
 17690 | Lair:2   | Reached skill level 12 in Armour
 17799 | Lair:2   | Found a staircase to the Swamp.
 17865 | Lair:2   | Found a bloodstained altar of Trog.
 18516 | Lair:3   | Reached skill level 10 in Dodging
 18526 | Lair:3   | Reached XP level 13. HP: 69/72 MP: 17/17
 18993 | Lair:3   | Found a hole to the Spider Nest.
 19309 | Lair:3   | Reached skill level 5 in Fighting
 19439 | Lair:3   | Reached ***** piety under Qazlal
 20426 | Lair:4   | Noticed an ice dragon
 20479 | Lair:4   | Killed an ice dragon
 21406 | Lair:5   | Noticed Kirke
 21751 | Lair:5   | Killed Kirke
 21772 | Lair:5   | Reached skill level 13 in Armour
 22180 | Lair:6   | Entered Level 6 of the Lair of Beasts
 22342 | Lair:5   | Gained mutation: Your large and strong wings let you fly indefinitely. [Gargoyle growth]
 22342 | Lair:5   | Reached XP level 14. HP: 39/82 MP: 20/20
 23331 | Lair:6   | Reached ****** piety under Qazlal
 23801 | Lair:6   | Identified Myhag's Handbook of Bewitchment and Transmutation
 24094 | Lair:6   | Found a blossoming altar of Fedhas.
 24615 | D:11     | HP: 2/84 [orc warlord/long sword of flaming (34)]
 25082 | D:11     | Killed an orc warlord
 25168 | Orc:1    | Reached skill level 14 in Armour
 25319 | Orc:1    | Found a roughly hewn altar of Beogh.
 26080 | Orc:2    | Entered Level 2 of the Orcish Mines
 26091 | Orc:2    | Noticed Snorg
 26156 | Orc:1    | Killed Snorg
 26156 | Orc:1    | Reached XP level 15. HP: 76/89 MP: 22/22
 26216 | Orc:2    | Paralysed by an orc sorcerer for 4 turns
 26217 | Orc:2    | Noticed Slowdrip's ghost (journeyman TrHu)
 26389 | Orc:2    | Killed Slowdrip's ghost
 26410 | Orc:1    | Reached skill level 10 in Invocations
 26525 | Orc:2    | Noticed an orc warlord
 26559 | Orc:1    | Killed an orc warlord
 26843 | Orc:2    | Noticed Maurice
 26854 | Orc:2    | Killed Maurice
 26898 | Orc:2    | Noticed Urug
 26925 | Orc:2    | Killed Urug
 26962 | Orc:2    | Noticed Nergalle
 26966 | Orc:1    | Found a runed door.
 27246 | Orc:1    | Found a roughly hewn altar of Beogh.
 27879 | Orc:2    | Found a roughly hewn altar of Beogh.
 27902 | Orc:2    | Killed Nergalle
 28000 | Orc:2    | Found Adocupau's General Store.
 28015 | Orc:2    | Found Ystruh's Antique Armour Shop.
 28253 | Orc:2    | Found a staircase to the Elven Halls.
 28400 | Orc:2    | Found Gutwej's Antique Weapon Shop.
 28415 | Orc:2    | Found Ofomiuq's Jewellery Shop.
 28443 | Orc:2    | Bought an embroidered cloak for 336 gold pieces
 28473 | Orc:2    | Bought the ring "Irghogat" {rF+ EV+1 Int+4} for 355 gold pieces
 28476 | Orc:2    | Bought an uncursed ring of see invisible for 210 gold pieces
 28492 | Orc:2    | Bought a scroll of teleportation for 33 gold pieces
 28492 | Orc:2    | Bought a scroll of identify for 22 gold pieces
 28492 | Orc:2    | Bought a scroll of teleportation for 33 gold pieces
 29289 | D:12     | Gained mutation: You possess an exceptional clarity of mind. [potion of beneficial mutation]
 29357 | D:12     | Got a steaming golden ring
 29359 | D:12     | Identified the ring of the Last Blessings {rC+ Dex+3} (You found it on level 12 of the Dungeon)
 30309 | D:13     | Identified the Grimoire of Malediction and Toxins
 30358 | D:13     | Reached XP level 16. HP: 96/96 MP: 24/24
 30473 | D:13     | Got a slimy brass amulet
 30475 | D:13     | Identified the amulet of Curiosity {+Rage rPois Dex+6} (You found it on level 13 of the Dungeon)
 30992 | D:14     | Reached skill level 15 in Armour
 31006 | D:14     | Found a gate to the Vaults.
 31289 | D:14     | Reached XP level 17. HP: 99/101 MP: 25/25
 31695 | D:15     | Entered Level 15 of the Dungeon
 31719 | D:15     | Found a staircase to the Depths.
 32036 | D:15     | Found a portal to a secret trove of treasure.
 32128 | D:15     | Found a shattered altar of Ashenzari.
 32360 | D:15     | Found an iron altar of Okawaru.
 32694 | Swamp:1  | Entered Level 1 of the Swamp
 32705 | Swamp:1  | Noticed Khazard's ghost (journeyman DsSk)
 32883 | Swamp:1  | Killed Khazard's ghost
 33231 | Swamp:1  | Identified a scroll of acquirement
 33233 | Swamp:1  | Got a pair of smoking boots
 33239 | Swamp:1  | Identified the +3 pair of boots of the Bard {+Fly rN++ Int+4 Stlth-} (You acquired it on level 1 of the Swamp)
 34458 | Swamp:3  | Noticed Louise
 34622 | Orc:1    | Bought a potion of resistance for 120 gold pieces
 34622 | Orc:1    | Bought a potion of resistance for 120 gold pieces
 34622 | Orc:1    | Bought a potion of curing for 36 gold pieces
 34804 | Swamp:3  | Killed Louise
 34805 | Swamp:3  | Noticed a tentacled monstrosity
 34888 | Swamp:3  | Slain by an alligator

Vault maps used:
D:1:      erik_arrival_orb_chamber, nrook_mini_vaults
D:2:      nemelex_xobeh_ov_fountains_minmay, elyvilon_altar_3, uniq_iyjb
D:3:      lemuel_round_altar, lemuel_round_altar, uniq_purgy,
          uniq_crazy_yiuf_cottage, uniq_terence
D:4:      lemuel_crystal_altar
D:5:      kennysheep_big_flooded_room, first_bread, uniq_eustachio
D:6:      nicolae_overflow_crystal_walls, serial_undead, serial_undead_a,
          serial_undead_d, serial_undead_e, serial_undead_b
D:7:      cheibrodos_grave_circle
D:8:      serial_shops, shop
D:9:      grunt_qazlal_sundering, serial_shops, shop, hangedman_fish_farm
D:10:     erik_lair_island
D:11:     erik_orc_3, lab_entry_generic, minmay_shop_grid_forest
D:13:     fake_guardian_serpent_vault
D:14:     grunt_vaults_entry_fortified, minivault_14
D:15:     grunt_enter_depths_giant_problem, nicolae_ashenzari_panopticon,
          enter_trove_1, okawaru_ov_weapons_minmay
Temple:   eino_narrow_crystal_temple
Lair:1:   portal_ice_cave_demonic_guard, minivault_23, serial_bayou_pond_b,
          lemuel_fruit_fields
Lair:2:   swamp_mist_pool, basic_altar, lemuel_fruit_fields
Lair:3:   nicolae_spider_entry_orb_guardian, beast_lair_carwin_9
Lair:4:   dragon1_lemuel, grunt_megastairs_1, infiniplex_staircase_pool_2,
          lemuel_fruit_tree, lemuel_fruit_fields
Lair:5:   minmay_slime_entry_oklob_enclosed, serial_bayou_crossing, uniq_kirke
Lair:6:   minmay_lair_end_frog_pond, basic_altar, columned_hall_lemuel,
          serial_bayou_shore_b
Swamp:1:  infiniplex_staircase_pool, swamp_pool3
Swamp:2:  evilmike_swamp_ruin_house_4
Swamp:3:  evilmike_swamp_ruin_house_5, swamp_pool3, st_swamp_ruins_2,
          uniq_louise
Orc:1:    orc_temple, serial_shops, shop, lightli_church_of_beogh
Orc:2:    grunt_orc_cross, uniq_snorg, uniq_maurice
Lab:      labyrinth_mini_lab

Skill      XL: |  1  2  3  4  5  6  7  8  9 10 11 12 13 14 15 16 17 |
---------------+----------------------------------------------------+-----
Armour         | 1 2 3 4 5 7 8 10 11 12 13 14 15 | 15.8
Dodging        | 3 4 5 6 7 8 9 10 11 12 | 12.7
Maces & Flails | 4 5 6 8 9 10 11 12 13 14 | 14.6
Shields        | 4 5 8 |  8.3
Invocations    | 3 6 8 9 10 11 12 | 12.4
Fighting       | 4 7 8 9 |  9.7
Throwing       | |  1.7

Action                   |  1- 3 |  4- 6 |  7- 9 | 10-12 | 13-15 | 16-18 || total
-------------------------+-------+-------+-------+-------+-------+-------++-------
Melee: Flail             |   108 |   149 |   471 |  1091 |       |       ||  1819
       Kick              |       |       |       |   363 |   645 |   239 ||  1247
       Morningstar       |       |       |       |   162 |  1391 |   673 ||  2226
       Unarmed           |       |       |       |       |     4 |       ||     4
Throw: Throwing net      |       |       |       |     2 |       |       ||     2
Invok: Elemental Force   |       |       |       |       |     1 |     1 ||     2
       Upheaval          |       |       |       |       |     4 |     3 ||     7
       Disaster Area     |       |       |       |       |       |     1 ||     1
 Abil: Stop Flying       |       |       |       |       |       |     2 ||     2
       Fly               |       |       |       |       |       |     1 ||     1
Evoke: Wand              |       |       |       |     4 |     4 |       ||     8
       Lamp of fire      |       |       |       |       |     3 |     2 ||     5
  Use: Scroll            |       |     9 |     6 |    13 |    21 |     6 ||    55
       Potion            |       |       |     1 |     6 |     5 |     1 ||    13
 Stab: Confused          |       |       |       |     1 |       |       ||     1
       Petrified         |       |       |       |       |     3 |       ||     3
       Distracted        |       |       |       |       |       |     2 ||     2
  Eat: Chunk             |     1 |     7 |    10 |    28 |    33 |    12 ||    91
       Fruit             |       |       |     1 |     3 |     4 |       ||     8
       Beef jerky        |       |       |     1 |     2 |       |     2 ||     5
       Bread ration      |       |       |       |     1 |     1 |       ||     2
       Meat ration       |       |       |       |     1 |       |       ||     1
Armor: Leather armour    |    34 |    68 |    57 |       |       |       ||   159
       Ring mail         |       |       |   188 |   314 |   315 |   156 ||   973
Dodge: Dodged            |    95 |   107 |   449 |   542 |   656 |   347 ||  2196
       Deflected         |       |       |       |       |    12 |    11 ||    23
Block: Other             |       |       |    67 |    87 |     2 |       ||   156
       Buckler           |       |       |       |   456 |  1159 |   561 ||  2176
       Reflection        |       |       |       |     9 |    39 |    27 ||    75
